 Dungeon Crawl Stone Soup version 0.14-a0-2340-g8df0fbc (webtiles) character file.

658268 Mitsuki the Slayer (level 27, -26/191 HPs)
             Began as a Gargoyle Fighter on Jan 28, 2014.
             Was a High Priest of Ashenzari.
             Hit by a large rock thrown by a stone giant (34 damage)
             ... on Level 4 of the Vaults on Jan 31, 2014.
             The game lasted 13:18:14 (114326 turns).

Mitsuki the Slayer (Gargoyle Fighter)             Turns: 114326, Time: 13:18:15

HP -26/191       AC 65     Str 28 (30) XL: 27
MP   8/8         EV  8     Int  9      God: Ashenzari [*****.]
Gold 7079        SH 60     Dex 15      Spells:  4 memorised, 19 levels left

rFire  + . .     SeeInvis +     V - +11,+3 flail of the Establishment {antimagic, -Tele +Rage rElec MR++ Stlth++}
rCold  + + +     Clarity  +     y - +9 plate armour of Midnight {Str+3 Dex+2}
rNeg   + + .     Conserve +     Z - +3 dwarf large shield {rN+} (curse)
rPois  +         rCorr    +     u - +1 orc helmet (curse)
rElec  +         rRot     +     J - +2 cloak {rCorr, Cons}
SustAb . .       Spirit   .     C - +0 pair of gloves of Day {rC++}
rMut   +         Warding  .     f - +2 pair of boots {+Jump}
Saprov . . .     NoTele   +     b - amulet of resist mutation
MR     ++...                    o - ring of Fatigue {rC+ MR+ Dam+4}
                                c - ring of Vitality {Regen HP+15}

@: flying, very slightly contaminated, hasted, very quick, very resistant to
hostile enchantments, extremely unstealthy
A: large and strong wings, icy blue scales 1, dopey 1, fire resistance 1, frail
1, life protection 1, electricity resistance, spit poison 1, unbreathing,
petrification resistance, AC +20
a: Spit Poison, Stop Flying, Scrying, Transfer Knowledge, Renounce Religion,
Evoke Berserk Rage, Evoke Jump Attack
}: 4/15 runes: decaying, slimy, golden, gossamer


You were on level 4 of the Vaults.
You worshipped Ashenzari.
Ashenzari was extremely pleased with you.
You were hungry.

You visited 13 branches of the dungeon, and saw 68 of its levels.
You also visited: Labyrinth, Trove and Bailey.

You collected 10147 gold pieces.
You spent 3068 gold pieces at shops.

Inventory:

Hand weapons
 V - the cursed +11,+3 flail of the Establishment (weapon) {antimagic, -Tele +Rage rElec MR++ Stlth++}
   (You found it on level 5 of the Crypt)

   It disrupts the flow of magical energy around spellcasters and certain
   magical creatures (including the wielder).
   It insulates you from electricity.
   It affects your resistance to hostile enchantments.
   It lets you go berserk.
   It prevents most forms of teleportation.
   It makes you much more stealthy.
   It has a curse placed upon it.
Armour
 f - a +2 pair of boots of jumping (worn)
 u - a cursed +1 orcish helmet (worn)
 y - the +9 plate armour of Midnight (worn) {Str+3 Dex+2}
   (You found it on level 3 of the Tomb of the Ancients)

   It affects your strength (+3).
   It affects your dexterity (+2).
 C - the +0 pair of gloves of Day (worn) {rC++}
   (You found it on level 2 of the Elven Halls)

   It greatly protects you from cold.
 J - a +2 cloak of preservation (worn)
 Z - a cursed +3 dwarven large shield of positive energy (worn)
Magical devices
 d - a wand of lightning (7)
 s - a wand of digging (10)
 t - a wand of teleportation (5)
 A - a wand of heal wounds (0)
 L - a wand of hasting (5)
 U - a wand of fireball (4)
Comestibles
 k - 16 meat rations
 n - 2 royal jellies
Scrolls
 a - 9 scrolls of teleportation
 l - a scroll of fear
 p - 3 scrolls of blinking
 r - 3 scrolls of summoning
 D - 3 scrolls of silence
 P - 2 scrolls of fog
 W - 6 scrolls of magic mapping
Jewellery
 b - an amulet of resist mutation (around neck)
 c - the ring of Vitality (left hand) {Regen HP+15}
   (You found it on level 9 of the Dungeon)

   [ring of regeneration]

   It affects your health (+15).
 i - an uncursed amulet of stasis
 o - the ring of Fatigue (right hand) {rC+ MR+ Dam+4}
   (You found it on level 6 of the Pits of Slime)

   [ring of protection from cold]

   It affects your damage with ranged weapons and melee attacks (+4).
   It affects your resistance to hostile enchantments.
 q - the ring of Satyriasis {Hunger- Str+5 Int+4}
   (You found it on level 3 of the Tomb of the Ancients)

   [ring of sustenance]

   It affects your strength (+5).
   It affects your intelligence (+4).
 x - an uncursed ring of protection from fire
 B - the ring "Loafuofu" {+cTele rF+}
   (You found it on level 3 of the Tomb of the Ancients)

   [ring of teleport control]

   It protects you from fire.
 Q - an uncursed ring of sustain abilities
Potions
 j - a potion of magic
 z - 17 potions of curing
 G - a potion of invisibility
 K - 2 potions of berserk rage
 O - 3 potions of restore abilities
Rods
 v - a +4 rod of demonology (14/14)
   (You took it off a minotaur in a labyrinth)


   Skills:
 + Level 26.0 Fighting
 - Level 24.9(27) Maces & Flails
   Level 2.1 Bows
 - Level 24.5 Armour
 - Level 3.6 Stealth
 - Level 25.3(27) Shields
 - Level 1.2 Earth Magic
 - Level 1.0 Evocations


You had 19 spell levels left.
You knew the following spells:

 Your Spells              Type           Power        Failure   Level  Hunger
a - Sandblast             Erth           #.....       82%         1    ##.....
b - Repel Missiles        Chrm/Air       #.........   99%         2    ###....
c - Regeneration          Chrm/Necr      #.........   100%        3    ####...
d - Apportation           Tloc           #.........   95%         1    ##.....


Dungeon Overview and Level Annotations

Branches:
Dungeon (16/16)            Temple (1/1) D:5             Orc (4/4) D:10
    Elf (3/3) Orc:3          Lair (8/8) D:8           Swamp (5/5) Lair:4
 Spider (5/5) Lair:4        Slime (6/6) Lair:6       Vaults (5/5) D:15
  Blade (1/1) Vaults:4      Crypt (5/5) Vaults:3       Tomb (3/3) Crypt:3
    Zot (0/5) Depths:6     Depths (6/6) D:16

Altars:
Ashenzari
Dithmengos
Elyvilon
Fedhas
Kikubaaqudgha
Makhleb
Nemelex Xobeh
Okawaru
Sif Muna
Vehumet
Xom
Beogh
Jiyva

Shops:
D:9 !   D:13 %   D:14 %   Orc:2 %   Orc:3 (   Orc:4 [(}[   Elf:2 (   Vaults:1 (
Vaults:2 [   Vaults:3 !   Depths:1 (   Depths:6 ?

Portals:
Hell: Depths:1 Depths:2 Depths:3 Depths:4 Depths:5 Depths:6
Abyss: Depths:1 Depths:4 Depths:6
Pandemonium: Depths:3
Ziggurat: Depths:5


Innate Abilities, Weirdness & Mutations

You are resistant to torment.
You are immune to poison.
You can fly continuously.
Your stone body is very resilient (AC +20).
Your wings are large and strong.
You resist negative energy.
You are resistant to electric shocks.
You can survive without breathing.
You are immune to petrification.
You are partially covered in icy blue scales (AC +1).
You are dopey. (Int -2)
Your flesh is heat resistant.
You are frail (-10% HP).
You can spit poison.


Message History

Okay, then.
Read which item? (? for menu, Esc to quit)
Okay, then.
Drink which item? (? for menu, Esc to quit)
Okay, then.
Evoke which item? (* to show all) (? for menu, Esc to quit)
Zapping:
L - a wand of hasting (6)
Press: ? - help, Shift-Dir - straight line, f - you You feel yourself speed up.
You are very lightly contaminated with residual magic.
This wand has 5 charges left.
The phantasmal warrior's blade passes through your shield.
The phantasmal warrior hits you!
* * * LOW HITPOINT WARNING * * *
There is an open door here.
You reach down and close the door.
Something unseen opens the door.
The phantasmal warrior blinks!
The stone giant throws a large rock.
The large rock crashes through you!
You die...

#...X#{.##.[>[.##..#
#...C#..##C%[).##..#
#...ยง#.#{##{{.##...#
#....#.##{##{###...#
#....##.##..###...##
#....###.####....##
#....# ##.......##
#....# #########
#...@#
#..W.################
#....................
#....................
#....................
#.....###########'##.
#.....'.........(..#.
#.....#............#.
#.....#.....(.((...#.


You could see a tentacled monstrosity, a stone giant and a phantasmal warrior.

Vanquished Creatures
  the royal jelly (Slime:6)
  Khufu (Tomb:1)
  3 ancient liches (Crypt:5)
  32 greater mummies
  Saint Roka (Vaults:2)
  Boris (Crypt:4)
  Mara (Spider:5)
  Mennas (Tomb:1)
  2 golden dragons
  Jory (Vaults:2)
  4 bone dragons
  Xtahua (Tomb:1)
  Frederick (Tomb:1)
  Nikola (Vaults:2)
  Arachne (Spider:5)
  11 tentacled monstrosities
  6 deep elf blademasters (Elf:3)
  14 acid blobs
  5 deep elf master archers (Elf:3)
  3 titans
  6 liches
  A shadow dragon (Depths:6)
  Rupert (Lair:2)
  The ghost of 4tharraofdagon the Impaler, a mighty VSFE of Cheibriados (Depths:6)
  5 ancient champions
  Frances (Vaults:4)
  7 sphinxes (Tomb:1)
  5 tengu reavers
  Kirke (D:14)
  6 fire giants
  3 revenants
  4 ghost moths (Spider:5)
  Donald (Crypt:3)
  A draconian scorcher (Depths:6)
  3 azure jellies (Slime:6)
  4 ghouls
  10 vault wardens
  12 deep elf sorcerers
  10 frost giants
  Aizul (Spider:3)
  2 orc warlords
  3 curse skulls
  4 emperor scorpions (Spider:5)
  A draconian zealot (Depths:6)
  Gastronok (Lair:3)
  Jorgrun (Tomb:1)
  9 reapers
  19 stone giants
  A spriggan defender (Depths:4)
  A vampire knight (Depths:2)
  11 deep elf annihilators
  2 grey draconians (Depths:6)
  8 deep elf demonologists
  A green draconian (Depths:6)
  7 eidola
  A white draconian (Depths:6)
  A green death (Crypt:4)
  A black draconian (Depths:6)
  A mottled draconian (Depths:6)
  12 ettins
  2 spriggan air magi (Depths:4)
  A minotaur (Lab)
  Snorg (Swamp:1)
  28 vault guards
  2 merfolk impalers (Depths:4)
  9 deep elf death magi
  11 jiangshi
  A wizard (Depths:2)
  33 mummy priests
  4 fire dragons
  22 yaktaur captains
  4 death oozes (Slime:6)
  5 deep elf high priests
  A great orb of eyes (Slime:6)
  10 ironheart preservers
  A ravenous item mimic (Depths:5)
  Fannar (D:12)
  Josephine (D:10)
  5 ravenous feature mimics
  A quicksilver dragon skeleton (Crypt:1)
  33 hydras
  The ghost of M4edhros the Cultivator, a powerful OpHu of Fedhas (D:11)
  Nessos (Orc:3)
  An ice dragon (Depths:6)
  Erica (Lair:5)
  5 spriggan berserkers
  20 dancing weapons
  14 deep troll earth magi
  6 alligators
  2 deep dwarf death knights
  7 tengu warriors
  3 plague shamblers
  6 death yaks (Lair:6)
  10 vampire magi
  4 naga warriors
  Urug (D:16)
  A fire crab (Vaults:1)
  5 spectral elves
  2 orc high priests
  19 deep troll shamans
  A fire crab (shapeshifter) (Depths:4)
  15 ogre magi
  A storm dragon zombie (Crypt:3)
  Nergalle (D:11)
  16 very ugly things
  9 deep elf knights
  10 hell knights
  19 centaur warriors
  3 rakshasas
  2 shadow wraiths (Crypt:4)
  12 soul eaters
  33 skeletal warriors
  5 iron trolls
  6 unseen horrors
  A golden dragon zombie (Depths:6)
  44 deep trolls
  A large abomination (Crypt:4)
  2 flaming corpses (Tomb:1)
  14 swamp dragons
  2 ice statues
  A giant orange brain (Vaults:1)
  12 ironbrand convokers
  9 flayed ghosts
  12 orc knights
  5 giant amoebae
  Joseph (D:10)
  3 orc sorcerers
  A putrid demonspawn (shapeshifter) (Crypt:4)
  10 necromancers
  A spectral deep troll (Tomb:1)
  16 hill giants
  A stone giant zombie (Tomb:2)
  2 sphinx zombies
  13 red wasps
  10 deep elf conjurers
  A fire giant zombie (Crypt:3)
  3 shining eyes
  A spectral ettin (Tomb:1)
  36 wolf spiders
  7 griffons
  10 phantasmal warriors
  9 cyclopes
  3 black mambas
  2 guardian serpents (shapeshifter)
  2 sixfirhies
  A stone giant skeleton (Tomb:1)
  9 vault sentinels
  16 elephants
  5 deep elf summoners
  4 spiny worms
  An eye of devastation (Slime:6)
  23 spiny frogs
  3 elf zombies (Crypt:2)
  3 vapours (Depths:2)
  2 item mimics
  An orange demon (Depths:3)
  6 octopodes
  An elephant slug zombie (Crypt:2)
  Psyche (Orc:3)
  A spectral human (Crypt:1)
  A mottled draconian zombie (Crypt:1)
  An ancient bear zombie (Crypt:1)
  An elf (shapeshifter) (Depths:4)
  An ancient bear skeleton (Crypt:5)
  13 demonic crawlers
  3 fire drakes
  A harpy zombie (Crypt:2)
  3 centaur zombies
  A mottled draconian skeleton (Crypt:3)
  54 yaktaurs
  A naga mage (Depths:2)
  113 guardian mummies
  4 deep elf priests
  A minotaur zombie (Crypt:2)
  A queen bee (Lair:5)
  2 tengu conjurers
  A polar bear (shapeshifter) (Elf:2)
  A mermaid (shapeshifter) (Depths:4)
  5 trolls
  A death drake zombie (Crypt:4)
  An iron troll zombie (Crypt:5)
  31 jumping spiders
  8 komodo dragons
  5 silent spectres
  7 spriggans
  2 purple draconian skeletons
  A hydra zombie (D:13)
  A centaur skeleton (D:16)
  2 blue devils
  21 orb spiders
  A red draconian skeleton (Crypt:4)
  A hellwing (Tomb:1)
  6 polar bears
  6 fire vortices
  Sonja (Elf:1)
  A troll (shapeshifter) (Elf:1)
  A stone giant simulacrum (Vaults:2)
  A raven (shapeshifter) (D:13)
  10 boulder beetles
  17 giant leeches
  76 slime creatures
  A brown ooze (shapeshifter) (Vaults:4)
  A death drake skeleton (Crypt:5)
  22 two-headed ogres
  An alligator zombie (Crypt:1)
  A fire giant simulacrum (Vaults:3)
  6 ravens
  A tengu simulacrum (Vaults:1)
  5 brown oozes
  A human simulacrum (Vaults:2)
  3 air elementals (Depths:2)
  9 bog bodies
  A red wasp zombie (Crypt:3)
  2 baby alligators (Swamp:3)
  48 flying skulls
  2 catoblepas skeletons
  38 trapdoor spiders
  A formicid (Spider:2)
  30 blink frogs
  51 redbacks
  4 basilisks
  26 tarantellas
  An elf simulacrum (Crypt:1)
  27 water elementals
  An ettin skeleton (Tomb:2)
  3 trapdoor spiders (shapeshifter)
  16 shadows
  An ice dragon skeleton (Crypt:2)
  3 elephant slugs
  2 griffon skeletons
  15 deep elf magi
  141 ugly things
  2 wyverns
  4 fire elementals
  A wind drake zombie (Crypt:5)
  6 vampires
  Eustachio (D:9)
  11 hippogriffs
  4 merfolk
  23 deep elf fighters
  11 wraiths
  70 yaks
  3 molten gargoyles (Depths:2)
  A redback simulacrum (Vaults:1)
  12 sharks
  A hill giant skeleton (D:11)
  A chaos spawn (Crypt:4)
  A hog (D:14)
  4 ogre zombies
  3 clay golems (Depths:2)
  An infernal demonspawn zombie (Crypt:3)
  6 hungry ghosts
  48 swamp worms
  A deep troll zombie (Depths:6)
  14 wolves
  A mottled dragon (D:15)
  2 manticores
  4 deep dwarf zombies
  5 necrophages
  15 porcupines
  A neqoxec (Depths:3)
  A monstrous demonspawn zombie (Crypt:3)
  33 vampire mosquitoes
  4 sky beasts
  2 water nymph skeletons
  53 orc warriors
  22 swamp drakes
  2 black bears
  4 deep dwarf skeletons
  5 freezing wraiths
  4 nagas
  A baby alligator skeleton (Crypt:1)
  3 human zombies
  15 ice beasts
  20 giant goldfish
  4 phantoms
  2 yellow wasps
  A black bear (shapeshifter) (Elf:3)
  31 centaurs
  6 tengu (Depths:1)
  65 ogres
  A small abomination (Crypt:4)
  A faun skeleton (Crypt:1)
  4 human skeletons
  An ettin simulacrum (Vaults:4)
  14 crocodiles
  A swamp dragon skeleton (Crypt:2)
  5 boring beetles
  4 lava worms (Depths:4)
  2 boring beetles (shapeshifter)
  2 blink frog skeletons
  2 yaktaur zombies (D:16)
  6 wargs
  20 water moccasins
  10 giant slugs
  A chimera zombie (Crypt:2)
  Blork the orc (D:5)
  7 agate snails
  A brain worm (D:11)
  54 giant frogs
  4 big kobolds
  3 deep dwarf simulacra
  A giant frog (shapeshifter) (Depths:4)
  A yaktaur skeleton (Tomb:3)
  A cyclops zombie (D:15)
  A gnoll sergeant (D:9)
  50 insubstantial wisps
  5 earth elementals (Depths:2)
  An ogre simulacrum (D:14)
  An eye of draining (shapeshifter) (D:15)
  A cyclops skeleton (D:16)
  A polar bear zombie (Crypt:4)
  A yak zombie (D:11)
  2 eyes of draining
  12 jellyfish
  A wyvern skeleton (D:6)
  2 hippogriff zombies (D:10)
  A troll zombie (Crypt:5)
  A troll skeleton (D:11)
  25 wights
  17 electric eels
  59 killer bees
  A polar bear skeleton (Crypt:2)
  2 shapeshifters (D:16)
  Dowan (D:6)
  5 goliath beetles
  A giant frog zombie (D:10)
  A hippogriff skeleton (D:11)
  35 orc priests
  7 crimson imps
  5 lava snakes (Depths:4)
  13 big fish
  A two-headed ogre zombie (Depths:1)
  2 giant frog skeletons
  Crazy Yiuf (D:7)
  6 hounds
  8 jellies
  A gnoll shaman (D:10)
  23 spiders
  2 basilisk skeletons
  6 elf skeletons
  3 iguanas
  67 orc wizards
  6 scorpions
  4 worker ants
  A yak simulacrum (D:10)
  A felid skeleton (Crypt:4)
  17 sheep
  Ijyb (Temple)
  13 boggarts
  A big kobold skeleton (Crypt:1)
  A hound skeleton (D:11)
  Terence (D:2)
  48 mummies
  6 gnolls
  32 adders
  7 giant centipedes
  70 green rats
  A sky beast simulacrum (D:10)
  A worm zombie (Crypt:5)
  An inept item mimic (D:4)
  7 giant mites
  2 white imps
  A goliath beetle zombie (D:3)
  15 worms
  A shadow imp (Depths:6)
  A worm (shapeshifter) (Depths:4)
  An ufetubus (D:9)
  An iguana zombie (D:10)
  A halfling skeleton (Crypt:1)
  A scorpion zombie (D:9)
  17 giant eyeballs
  5 giant geckos
  2 oozes
  257 orcs
  2 ball pythons
  A bat zombie (D:6)
  7 giant cockroaches
  A giant mite zombie (Crypt:1)
  A gnoll zombie (Crypt:1)
  19 goblins
  15 hobgoblins
  25 jackals
  33 kobolds
  20 quokkas
  A ball python zombie (Crypt:4)
  25 bats
  6 giant newts
  A giant newt skeleton (D:4)
  A giant newt zombie (Crypt:5)
  A giant spore (D:15)
  2 goblin skeletons (D:5)
  A goblin zombie (Crypt:2)
  A green rat zombie (Crypt:5)
  2 hobgoblin skeletons
  4 illusory rakshasas
  3 orc skeletons
  7 orc zombies
  A quokka skeleton (Crypt:2)
  15 rats
  2 rat skeletons
  3 spectral orcs (D:11)
  5 ballistomycetes
  2 butterflies (D:9)
  7 crawling corpses (Elf:3)
  2 macabre masses (Elf:3)
  4 plants
3662 creatures vanquished.

Vanquished Creatures (others)
  A tengu reaver (Depths:4)
  A frost giant (Depths:4)
  A vampire knight (Depths:4)
  A skeletal warrior (Crypt:4)
  An unseen horror (D:16)
  A guardian mummy (Tomb:2)
  An orb spider (Spider:5)
  A jumping spider (Spider:3)
  A fire vortex (Depths:2)
  A chaos spawn (Depths:6)
  2 tarantellas
  A trapdoor spider (Spider:5)
  2 shadows (Tomb:2)
  A deep troll zombie (Depths:6)
  An ogre (Vaults:1)
  9 lost souls
  Duvessa (D:6)
  2 giant frogs (Lair:8)
  A human skeleton (Tomb:2)
  A killer bee (D:12)
  2 spiders (Spider:5)
  An orc wizard (D:6)
  An orange rat (Crypt:4)
  4 mummies (Tomb:2)
  An orc (Vaults:2)
  A giant spore (D:16)
  A crawling corpse (Elf:3)
  15 fungi
  26 plants
83 creatures vanquished.

Grand Total: 3745 creatures vanquished

Notes
Turn   | Place    | Note
--------------------------------------------------------------
     0 | D:1      | Mitsuki, the Gargoyle Fighter, began the quest for the Orb.
     0 | D:1      | Reached XP level 1. HP: 14/14 MP: 1/1
   166 | D:1      | Reached XP level 2. HP: 19/19 MP: 2/2
   482 | D:1      | Reached XP level 3. HP: 24/24 MP: 3/3
   603 | D:2      | Noticed Terence
   620 | D:2      | Killed Terence
   707 | D:2      | Found an ancient bone altar of Kikubaaqudgha.
   757 | D:2      | Reached skill level 4 in Shields
   851 | D:2      | Reached XP level 4. HP: 27/29 MP: 4/4
  1220 | D:3      | Reached XP level 5. HP: 31/33 MP: 5/5
  2878 | D:4      | Found a shadowy altar of Dithmengos.
  2902 | D:4      | Found a shadowy altar of Dithmengos.
  2902 | D:4      | Noticed a phantom
  2927 | D:4      | Killed a phantom
  2927 | D:4      | Reached skill level 5 in Shields
  2927 | D:4      | Reached XP level 6. HP: 27/39 MP: 6/6
  3140 | D:4      | Found an iron altar of Okawaru.
  3141 | D:4      | Found a shattered altar of Ashenzari.
  3145 | D:4      | Became a worshipper of Ashenzari the Shackled
  3266 | D:5      | Entered Level 5 of the Dungeon
  3299 | D:5      | Reached XP level 7. HP: 32/44 MP: 7/7
  3395 | D:5      | Reached skill level 5 in Armour
  3538 | D:5      | Found a staircase to the Ecumenical Temple.
  3619 | D:5      | Reached skill level 6 in Shields
  3885 | D:5      | Noticed Ijyb
  3893 | Temple   | Entered the Ecumenical Temple
  3932 | Temple   | Killed Ijyb
  4105 | D:5      | Reached skill level 5 in Maces & Flails
  4153 | D:5      | Noticed Blork the orc
  4167 | D:5      | Killed Blork the orc
  4167 | D:5      | Reached skill level 5 in Fighting
  4573 | D:5      | Reached XP level 8. HP: 32/49 MP: 8/8
  5329 | D:6      | Reached skill level 7 in Shields
  5402 | D:6      | Paralysed by a giant eyeball for 4 turns
  5838 | D:6      | Noticed Duvessa
  5838 | D:6      | Noticed Dowan
  5853 | D:6      | Killed Duvessa
  5855 | D:6      | Killed Dowan
  5872 | D:6      | Paralysed by a giant eyeball for 3 turns
  6466 | D:7      | Reached XP level 9. HP: 38/54 MP: 9/9
  6600 | D:7      | Reached skill level 8 in Shields
  6601 | D:7      | Found a sparkling altar of Nemelex Xobeh.
  7101 | D:7      | Noticed Crazy Yiuf
  7112 | D:7      | Killed Crazy Yiuf
  8058 | D:8      | Found a staircase to the Lair.
  8075 | D:8      | Reached skill level 9 in Shields
  8263 | Lair:1   | Entered Level 1 of the Lair of Beasts
  8453 | Lair:1   | Reached XP level 10. HP: 53/60 MP: 11/11
  8471 | Lair:1   | Noticed a black mamba
  8497 | Lair:1   | Killed a black mamba
  8724 | Lair:1   | Acquired Ashenzari's first power
  8748 | Lair:1   | Noticed a spiny frog
  8801 | Lair:1   | Killed a spiny frog
  8825 | Lair:1   | Reached skill level 10 in Shields
  8830 | Lair:1   | Reached skill level 10 in Maces & Flails
  9104 | Lair:1   | Noticed an eight-headed hydra
  9446 | D:9      | Found a blossoming altar of Fedhas.
  9455 | D:9      | Noticed Eustachio
  9479 | D:9      | Killed Eustachio
  9909 | D:9      | Found a white marble altar of Elyvilon.
 10045 | D:9      | Found a deep blue altar of Sif Muna.
 10067 | D:9      | Reached skill level 1 in Evocations
 10186 | D:9      | Reached skill level 11 in Shields
 10186 | D:9      | Reached XP level 11. HP: 64/64 MP: 12/12
 10350 | D:9      | Found a burning altar of Makhleb.
 10431 | D:9      | Found Ybikuit's Distillery.
 10651 | D:10     | Entered Level 10 of the Dungeon
 10725 | D:10     | Found a flagged portal.
 10814 | Bailey   | Entered a bailey
 11043 | Bailey   | Identified the +3 fire dragon armour of Phyzen {rPois rF++ rC-}
 11043 | Bailey   | Identified the +7 plate armour of the Ant {MR++ Dam+4 SInv}
 11092 | Bailey   | Noticed an orc knight
 11108 | Bailey   | Killed an orc knight
 11324 | D:9      | Identified Sif Muna's Catalogue of the Compass
 11366 | D:10     | Acquired Ashenzari's second power
 11376 | D:10     | Noticed Joseph
 11388 | D:10     | Noticed an unseen horror
 11398 | D:10     | Killed Joseph
 11413 | D:10     | Killed an unseen horror
 11557 | D:10     | Noticed Josephine
 11571 | D:10     | Killed Josephine
 11571 | D:10     | Reached skill level 12 in Maces & Flails
 11837 | D:10     | Found a staircase to the Orcish Mines.
 12057 | D:10     | Noticed a hill giant
 12065 | D:10     | Killed a hill giant
 12092 | D:11     | Noticed M4edhros' ghost (powerful OpHu)
 12184 | D:11     | Killed M4edhros' ghost
 12230 | D:11     | Noticed a hill giant
 12243 | D:11     | Killed a hill giant
 12380 | D:11     | Noticed a four-headed hydra
 12388 | D:11     | Killed a four-headed hydra
 12388 | D:11     | Reached XP level 12. HP: 70/70 MP: 14/14
 12467 | D:11     | Noticed Nergalle
 12532 | D:11     | Killed Nergalle
 12532 | D:11     | Reached skill level 13 in Maces & Flails
 12708 | D:11     | Noticed an orc knight
 12710 | D:11     | Noticed an orc knight
 12748 | D:11     | Killed an orc knight
 12754 | D:11     | Killed an orc knight
 13474 | D:11     | Noticed a centaur warrior
 13492 | D:11     | Killed a centaur warrior
 13498 | D:11     | Paralysed by a giant eyeball for 4 turns
 13504 | D:11     | Paralysed by a giant eyeball for 2 turns
 13542 | D:11     | Reached skill level 10 in Armour
 13611 | D:11     | Paralysed by a giant eyeball for 2 turns
 13636 | D:11     | Paralysed by a giant eyeball for 2 turns
 14094 | D:12     | Reached skill level 14 in Maces & Flails
 14686 | D:12     | Noticed Fannar
 14758 | D:12     | Killed Fannar
 14827 | D:12     | Paralysed by a giant eyeball for 3 turns
 15018 | D:13     | Acquired Ashenzari's third power
 15064 | D:13     | Found a labyrinth entrance.
 15128 | Lab      | Entered a labyrinth
 15647 | Lab      | Noticed a minotaur
 15674 | Lab      | Killed a minotaur
 15674 | Lab      | Identified the +3,+6 bow of Demand {venom, +Fly rC+ Str+4 Int+3} (You took it off a minotaur in a labyrinth)
 15674 | Lab      | Identified a +4 rod of demonology (0/14) (You took it off a minotaur in a labyrinth)
 15674 | Lab      | Reached XP level 13. HP: 74/74 MP: 15/15
 15698 | Lab      | Identified the ring of Throhodgh {Wiz Dex+2} (You found it in a labyrinth)
 15792 | D:13     | Gained mutation: You can spit poison. [potion of mutation]
 15792 | D:13     | Gained mutation: You have a slow metabolism. [potion of mutation]
 15792 | D:13     | Gained mutation: Your flesh is heat resistant. [potion of mutation]
 15922 | D:13     | Reached skill level 15 in Maces & Flails
 15974 | D:13     | Identified the cursed -1 leather armour of the Dolphin {Str+5 Dex+3}
 16133 | D:13     | Found Prontof's Food Boutique.
 16785 | Lair:1   | Killed an eight-headed hydra
 16938 | Lair:1   | Acquired Ashenzari's fourth power
 17390 | Lair:2   | Identified a +0 rod of warding (10/10)
 17625 | Lair:2   | Reached skill level 16 in Maces & Flails
 18513 | Lair:3   | Noticed Rupert
 18539 | Lair:2   | Killed Rupert
 18797 | Lair:3   | Noticed Gastronok
 18816 | Lair:3   | Killed Gastronok
 18920 | Lair:3   | Gained mutation: Your wings are large and strong. [gargoyle growth]
 18920 | Lair:3   | Reached XP level 14. HP: 80/80 MP: 16/16
 19367 | Lair:3   | Reached skill level 17 in Maces & Flails
 19543 | Lair:4   | Found a staircase to the Swamp.
 19784 | Lair:4   | Found a hole to the Spider Nest.
 20583 | Spider:1 | Entered Level 1 of the Spider Nest
 20598 | Spider:1 | Reached skill level 18 in Maces & Flails
 21551 | Spider:1 | Reached skill level 19 in Maces & Flails
 22793 | Spider:3 | Reached XP level 15. HP: 84/84 MP: 17/17
 23134 | Spider:3 | Reached skill level 20 in Maces & Flails
 23280 | Spider:3 | Noticed Aizul
 23313 | Spider:3 | Killed Aizul
 23541 | Spider:5 | Entered Level 5 of the Spider Nest
 24041 | Spider:4 | Identified the +2 scale mail of the Moon {rElec rF++}
 24935 | Lair:5   | Noticed Erica
 24949 | Lair:5   | Killed Erica
 24985 | Lair:4   | Reached skill level 21 in Maces & Flails
 26279 | Lair:6   | Found a viscous altar of Jiyva.
 26282 | Lair:6   | Found a staircase to the Slime Pits.
 27091 | Lair:7   | Found a shimmering altar of Xom.
 27186 | Lair:7   | Reached XP level 16. HP: 88/88 MP: 18/18
 27302 | Lair:7   | Reached skill level 22 in Maces & Flails
 28071 | Lair:8   | Entered Level 8 of the Lair of Beasts
 31650 | Lair:8   | Reached skill level 23 in Maces & Flails
 33438 | D:11     | Found a radiant altar of Vehumet.
 33438 | D:11     | Found a shadowy altar of Dithmengos.
 33438 | D:11     | Noticed a tengu reaver
 33438 | D:11     | Noticed a giant orange brain
 33438 | D:11     | Noticed a skeletal warrior
 33438 | D:11     | Noticed a skeletal warrior
 33438 | D:11     | Noticed a skeletal warrior
 33438 | D:11     | Noticed a skeletal warrior
 33438 | D:11     | Noticed a skeletal warrior
 33466 | D:11     | Killed a skeletal warrior
 33475 | D:11     | Killed a skeletal warrior
 33513 | D:11     | Killed a skeletal warrior
 33522 | D:11     | Killed a skeletal warrior
 33608 | D:11     | Killed a tengu reaver
 33621 | D:11     | Killed a skeletal warrior
 34570 | Spider:5 | Identified the +5 leather armour of the Komtur {rElec rPois}
 34659 | Spider:5 | Noticed Mara
 34663 | Spider:5 | Noticed Mitsuki's illusion
 34678 | Spider:5 | Noticed Mara
 34678 | Spider:5 | Noticed Mara
 34916 | Swamp:1  | Entered Level 1 of the Swamp
 35083 | Swamp:1  | Noticed Snorg
 35104 | Swamp:1  | Killed Snorg
 35461 | Orc:1    | Entered Level 1 of the Orcish Mines
 35495 | Orc:1    | Found an iron altar of Okawaru.
 36299 | Orc:2    | Found Wauruur's Food Shoppe.
 36916 | Orc:3    | Noticed Psyche
 36930 | Orc:3    | Paralysed by Psyche for 6 turns
 36938 | Orc:3    | Killed Psyche
 36946 | Orc:4    | Entered Level 4 of the Orcish Mines
 37113 | Orc:3    | Found Hityv's Weapon Emporium.
 37262 | Orc:3    | Noticed Nessos
 37268 | Orc:3    | Reached XP level 17. HP: 93/93 MP: 18/18
 37303 | Orc:3    | Found a staircase to the Elven Halls.
 37309 | Orc:3    | Killed Nessos
 37890 | Orc:4    | Found a roughly hewn altar of Beogh.
 38061 | Orc:4    | Found a roughly hewn altar of Beogh.
 38169 | Orc:4    | Found a roughly hewn altar of Beogh.
 38170 | Orc:4    | Found Phor's Antique Armour Boutique.
 38535 | Orc:4    | Found a roughly hewn altar of Beogh.
 38535 | Orc:4    | Found Jayj Eta's Gadget Boutique.
 38801 | Orc:4    | Found a roughly hewn altar of Beogh.
 39112 | Orc:4    | Gained mutation: You are partially covered in icy blue scales (AC +1). [a neqoxec]
 39141 | Orc:4    | Found a roughly hewn altar of Beogh.
 39141 | Orc:4    | Found Skucwut's Antique Armour Shoppe.
 39145 | Orc:4    | Found Kluhau's Antique Weapon Emporium.
 39209 | Orc:4    | Bought a heavily runed large shield for 312 gold pieces
 39209 | Orc:4    | Identified the -1 large shield of the Hurricane {Stlth} (You bought it in a shop on level 4 of the Orcish Mines)
 39210 | Orc:4    | Identified a scroll of acquirement
 39210 | Orc:4    | Identified the cursed +7,+6 demon whip "Donlesick" {venom, *Rage rPois Str+3 Int+1} (You acquired it on level 4 of the Orcish Mines)
 39778 | Lair:2   | Identified Sif Muna's Catalogue of Feathers
 39968 | Swamp:1  | Reached skill level 1 in Stealth
 40696 | Swamp:2  | Reached skill level 5 in Stealth
 41522 | Swamp:3  | Identified the +1,+9 spear of Nefausk {speed, Dex+1}
 42779 | Swamp:4  | Reached skill level 10 in Stealth
 43259 | Swamp:5  | Entered Level 5 of the Swamp
 43899 | Swamp:5  | Reached XP level 18. HP: 98/98 MP: 18/20
 44067 | Swamp:5  | Got a decaying rune of Zot
 45008 | Spider:5 | Noticed Mara
 45008 | Spider:5 | Noticed Mara
 45041 | Spider:5 | Killed Mara
 45380 | Spider:5 | Reached skill level 15 in Shields
 45676 | Spider:5 | Noticed Arachne
 45750 | Spider:5 | Killed Arachne
 46174 | Spider:5 | Reduced skill Stealth to level 10
 46179 | Spider:5 | Reached skill level 15 in Armour
 46241 | Spider:5 | Got a gossamer rune of Zot
 46730 | D:14     | Found Zyef's Food Emporium.
 46732 | D:14     | Found a shattered altar of Ashenzari.
 47006 | D:14     | Noticed Kirke
 47022 | D:14     | Killed Kirke
 47364 | D:15     | Entered Level 15 of the Dungeon
 47838 | D:15     | Reached XP level 19. HP: 103/103 MP: 5/20
 48194 | D:15     | Found a gate to the Vaults.
 48484 | D:16     | Entered Level 16 of the Dungeon
 48489 | D:16     | Identified the cursed ring "Zuwosyhy" {AC-3 Dex-2 Int+2}
 48532 | D:16     | Identified the +6,+4 whip of Painful Death {holy, rElec SInv}
 48752 | D:16     | Found a staircase to the Depths.
 49067 | D:16     | Noticed Urug
 49081 | D:16     | Killed Urug
 49519 | Depths:1 | Entered Level 1 of the Depths
 49525 | Depths:1 | Found Idofisuin's Antique Weapon Shoppe.
 50296 | Elf:1    | Entered Level 1 of the Elven Halls
 50296 | Elf:1    | Noticed Sonja
 50342 | Elf:1    | Killed Sonja
 50717 | Elf:1    | Found a roughly hewn altar of Beogh.
 50751 | Elf:1    | Reduced skill Stealth to level 5
 50760 | Elf:1    | Reached skill level 24 in Maces & Flails
 51336 | Elf:1    | Found a portal to a secret trove of treasure.
 51702 | D:9      | Bought 2 potions of cure mutation for 980 gold pieces
 51966 | Trove    | Entered a treasure trove
 52313 | Lair:1   | Upgraded the game from 0.14-a0-2162-g062a2ce to 0.14-a0-2327-g5ff15cf
 52732 | Elf:2    | Found Yrazec's Weapon Shoppe.
 53036 | Elf:2    | Got the cursed pair of gloves of Day {rC++}
 53649 | Lair:1   | Identified the cursed +7 plate armour "Emuliezo" {+Blink} (You acquired it on level 1 of the Lair of Beasts)
 53945 | Elf:3    | Entered Level 3 of the Elven Halls
 54065 | Elf:3    | Reduced skill Stealth to level 1
 54948 | Elf:3    | Reached XP level 20. HP: 108/108 MP: 21/21
 55228 | Elf:3    | Identified the ring of Xom's Benevolence {Wiz Str+3 SInv} (You took it off a deep elf demonologist on level 3 of the Elven Halls)
 55254 | Elf:3    | Identified the +10 plate armour of Wemastrua {Dex-2}
 55262 | Elf:3    | Identified the Almanac of Warped Transformation
 55357 | Elf:3    | Identified the +10,+8 flail "Fixtirun" {drain, rF+} (You took it off a deep elf fighter on level 3 of the Elven Halls)
 55827 | Elf:3    | Identified the cursed +2,+2 scimitar of Disharmony {slice, *Rage +Rage rPois rC+}
 55827 | Elf:3    | Identified the +3,+0 flail "Schefar" {flame, Str+2 Int-1}
 55827 | Elf:3    | Identified the cursed +2,-1 long sword of Terror {freeze, Dex+3}
 55828 | Elf:3    | Identified the +5,+5 hand axe "Vuuh Led" {chop, -Tele +Rage rPois Dex-2}
 55834 | Elf:3    | Identified the Grimoire of Virous Changing
 56144 | Elf:3    | Reached skill level 5 in Stealth
 56392 | Elf:3    | Reduced skill Stealth to level 5
 57158 | Vaults:1 | Entered Level 1 of the Vaults
 57835 | Lair:1   | Identified the cursed +0 pair of gloves of Day {rC++} (You found it on level 2 of the Elven Halls)
 58286 | Vaults:1 | Found Falerch's Antique Weapon Shoppe.
 60038 | Vaults:2 | Reached XP level 21. HP: 112/112 MP: 21/21
 60087 | Vaults:2 | Found a shimmering altar of Xom.
 60177 | Vaults:2 | Noticed Nikola
 60197 | Vaults:2 | Killed Nikola
 60590 | Vaults:2 | Noticed Saint Roka
 61316 | Vaults:2 | Found Yshuceos' Antique Armour Boutique.
 61404 | Vaults:2 | Noticed Jory
 61443 | Vaults:2 | Killed Jory
 61863 | Vaults:2 | Killed Saint Roka
 62472 | Vaults:2 | Gained mutation: You are partially covered in iridescent scales (AC +4). [potion of beneficial mutation]
 62638 | Vaults:3 | Found Biugadis' Distillery.
 63772 | Vaults:3 | Reached skill level 10 in Stealth
 63868 | Vaults:3 | Found a staircase to the Crypt.
 63895 | Crypt:1  | Entered Level 1 of the Crypt
 63971 | Vaults:4 | Noticed Frances
 63998 | Vaults:4 | Killed Frances
 64338 | Vaults:4 | Reached XP level 22. HP: 117/117 MP: 22/22
 65666 | Vaults:4 | Found a staircase to the Hall of Blades.
 66035 | Blade    | Entered the Hall of Blades
 66418 | Blade    | Reached skill level 10 in Fighting
 70139 | Crypt:3  | Identified the cursed -1 robe "Kofeink" {rC+}
 70175 | Crypt:3  | Noticed Donald
 70207 | Crypt:3  | Killed Donald
 70585 | Crypt:3  | Reached XP level 23. HP: 143/143 MP: 22/22
 71047 | Crypt:3  | Identified the +2 scale mail of Pathos {+Inv Curse}
 71333 | Crypt:3  | Found a staircase to the Tomb.
 71546 | Crypt:4  | Reached skill level 15 in Fighting
 71748 | Crypt:4  | Noticed Boris
 71796 | Crypt:4  | Killed Boris
 72679 | Crypt:4  | Identified the cursed +1 plate armour of Togayr {Dex-2 Int-4}
 72719 | Crypt:5  | Entered Level 5 of the Crypt
 73361 | Crypt:5  | Noticed an ancient lich
 73370 | Crypt:5  | Identified the +11,+3 flail of the Establishment {antimagic, -Tele +Rage rElec MR++ Stlth++}
 73372 | Crypt:5  | Identified the +0 ring mail "Baumiyl" {Str+3 Dex-2}
 73826 | Crypt:5  | Noticed an ancient lich
 73863 | Crypt:5  | Killed an ancient lich
 74081 | Crypt:5  | Noticed an ancient lich
 74194 | Crypt:5  | Identified the Volume of Aid (You found it on level 5 of the Crypt)
 74293 | Crypt:5  | Killed an ancient lich
 74314 | Crypt:5  | Killed an ancient lich
 75584 | Depths:1 | Found a gateway to Hell.
 75595 | Depths:1 | Paralysed by a giant eyeball for 4 turns
 75604 | Depths:1 | Paralysed by a giant eyeball for 3 turns
 75980 | Depths:1 | Reached XP level 24. HP: 159/159 MP: 23/23
 76125 | Depths:1 | Paralysed by a giant eyeball for 2 turns
 76367 | Depths:1 | Got the cursed bow of the Blessed Realm {velocity, rF+}
 76432 | Depths:1 | Reached skill level 1 in Bows
 76707 | Depths:1 | Found a one-way gate to the infinite horrors of the Abyss.
 78477 | Depths:2 | Reduced skill Stealth to level 5
 79107 | Depths:2 | Identified the Almanac of the Known World
 79110 | Depths:2 | Identified Hiahumm's Papyrus of Destructive Lightness
 80551 | Depths:3 | Found a one-way gate leading to the halls of Pandemonium.
 81496 | Lair:1   | Learned a level 1 spell: Sandblast
 81550 | Lair:1   | Learned a level 2 spell: Repel Missiles
 81554 | Lair:1   | Learned a level 3 spell: Regeneration
 82263 | Depths:4 | Paralysed by a giant eyeball for 4 turns
 82310 | Depths:4 | Identified the +0 scale mail "Buamum" {+Inv rF+}
 82387 | Depths:4 | Reached skill level 1 in Earth Magic
 82504 | Depths:4 | Reached XP level 25. HP: 153/164 MP: 8/24
 83691 | Depths:4 | Identified the cursed +4,-1 bow of the Blessed Realm {velocity, rF+} (You found it on level 1 of the Depths)
 84060 | Lair:1   | Identified the cursed +4,-1 bow of the Blessed Realm {velocity, rF+} (You found it on level 1 of the Depths)
 84471 | Depths:6 | Entered Level 6 of the Depths
 84577 | Depths:4 | Identified the cursed -5 ring mail of Incorporation {+Inv rN+ Acc+5}
 84577 | Depths:4 | Identified the +1 robe of Dishonesty {+Blink rPois}
 85573 | Depths:4 | Identified the ring of Joy {+Inv Int-2}
 85579 | Depths:4 | Learned a level 1 spell: Apportation
 85583 | Depths:4 | Identified The Advanced Guide to Hermeneutics
 85613 | Depths:4 | Identified the +2,+8 crossbow of Grontol {penet, +Blink SInv}
 85991 | Depths:4 | Identified the +9 plate armour "Cemn" {Str+2 Dex+3}
 86080 | Depths:4 | Identified a +3 rod of striking (9/9)
 86157 | Depths:4 | Got an uncursed crude brass ring
 86158 | Depths:4 | Identified the ring of Incredulity {Hunger Str-4 Int+1} (You found it on level 4 of the Depths)
 87316 | Depths:4 | Paralysed by a giant eyeball for 2 turns
 87328 | Depths:4 | Paralysed by a giant eyeball for 2 turns
 87335 | Depths:4 | Paralysed by a giant eyeball for 3 turns
 89386 | Depths:5 | Found a gateway to a ziggurat.
 89388 | Depths:5 | Identified the cursed +4,-1 bow of the Blessed Realm {velocity, rF+} (You found it on level 1 of the Depths)
 90137 | Depths:6 | Upgraded the game from 0.14-a0-2327-g5ff15cf to 0.14-a0-2340-g8df0fbc
 90154 | Depths:6 | Reached XP level 26. HP: 163/170 MP: 8/24
 91046 | Depths:6 | Identified a +0 cloak of preservation (You took it off a draconian scorcher on level 6 of the Depths)
 91143 | Depths:6 | Found a gate to the Realm of Zot.
 91171 | Depths:6 | Identified the Almanac of Slavery
 91224 | Depths:6 | Found Pluebria's Magic Scroll Emporium.
 91236 | Depths:6 | Bought 3 scrolls of remove curse for 198 gold pieces
 91236 | Depths:6 | Bought 3 scrolls of curse armour for 132 gold pieces
 91236 | Depths:6 | Bought a scroll of remove curse for 66 gold pieces
 91236 | Depths:6 | Bought a scroll of remove curse for 66 gold pieces
 91999 | Depths:6 | Noticed 4tharraofdagon's ghost (mighty VSFE)
 92334 | Depths:6 | Killed 4tharraofdagon's ghost
 92959 | Lair:1   | Identified the cursed +4,-1 bow of the Blessed Realm {velocity, rF+} (You found it on level 1 of the Depths)
 92959 | Lair:1   | Identified the cursed +4,-1 bow of the Blessed Realm {velocity, rF+} (You found it on level 1 of the Depths)
 92959 | Lair:1   | Identified the cursed +4,-1 bow of the Blessed Realm {velocity, rF+} (You found it on level 1 of the Depths)
 93089 | Slime:1  | Entered Level 1 of the Pits of Slime
 93216 | Slime:6  | Entered Level 6 of the Pits of Slime
 93271 | Slime:6  | Paralysed by a giant eyeball for 2 turns
 93278 | Slime:6  | Paralysed by a giant eyeball for 3 turns
 93487 | Slime:6  | Gained mutation: You are frail (-10% HP). [a shining eye]
 93487 | Slime:6  | Paralysed by a giant eyeball for 4 turns
 93490 | Slime:6  | Gained mutation: You are dopey. (Int -2) [a shining eye]
 93497 | Slime:6  | Noticed the royal jelly
 93505 | Slime:6  | Paralysed by a giant eyeball for 2 turns
 93533 | Slime:6  | Killed the royal jelly
 93533 | Slime:6  | Reached skill level 25 in Shields
 93534 | Slime:6  | Identified the ring of the Butterfly {Wiz rF+ Str+1}
 93542 | Slime:6  | Paralysed by a giant eyeball for 4 turns
 93702 | Slime:6  | Got an uncursed heavily runed jade ring
 93735 | Slime:6  | Got an uncursed scintillating brass ring
 93745 | Slime:6  | Got an uncursed sparkling bronze ring
 93747 | Slime:6  | Got a slimy rune of Zot
 94015 | Lair:1   | Identified the ring of Fatigue {rC+ MR+ Dam+4} (You found it on level 6 of the Pits of Slime)
 94016 | Lair:1   | Identified the ring "Shrikak" {Hunger- +Fly} (You found it on level 6 of the Pits of Slime)
 94019 | Lair:1   | Identified the ring of Cheibriados' Supremacy {MR Str+2 Dex+2} (You found it on level 6 of the Pits of Slime)
 94604 | Tomb:1   | Entered Level 1 of the Tomb of the Ancients
 94758 | Tomb:1   | Noticed Jorgrun
 94794 | Tomb:1   | Killed Jorgrun
 94982 | Tomb:1   | HP: 7/153 [sphinx/divine providence (8)]
 94989 | Tomb:1   | HP: 3/153 [sphinx/divine providence (15)]
 95744 | Tomb:1   | Noticed Xtahua
 95772 | Tomb:1   | Killed Xtahua
 96639 | Tomb:1   | Noticed a greater mummy
 96661 | Tomb:1   | Killed a greater mummy
 97049 | Tomb:1   | Noticed a greater mummy
 97078 | Tomb:1   | Killed a greater mummy
 97078 | Tomb:1   | Reached XP level 27. HP: 129/161 MP: 8/25
 97449 | Tomb:1   | Noticed a greater mummy
 97457 | Tomb:1   | Noticed Khufu
 97474 | Tomb:1   | Killed a greater mummy
 97496 | Tomb:1   | Killed Khufu
 98294 | Tomb:2   | Noticed Mennas
 98294 | Tomb:2   | Noticed Frederick
 98470 | Tomb:1   | Killed Mennas
 99826 | Tomb:1   | Gained mutation: You digest meat inefficiently. [the power of Zot]
 99826 | Tomb:1   | Gained mutation: You are very frail (-20% HP). [the power of Zot]
100089 | Tomb:1   | Identified the cursed +4,-1 bow of the Blessed Realm {velocity, rF+} (You found it on level 1 of the Depths)
100089 | Tomb:1   | Identified the +6,+4 giant spiked club of Painful Death {venom, +Blink +Rage +Fly Dex+3 Int+1} (You found it on level 6 of the Pits of Slime)
100089 | Tomb:1   | Identified the cursed +2,+2 trident of the Chain {pain, rN+}
100089 | Tomb:1   | Identified the +8,+3 broad axe of Malaise {freeze, rF+ MR+}
100089 | Tomb:1   | Identified a +4 rod of the swarm (13/13) (You found it on level 6 of the Pits of Slime)
100140 | Tomb:1   | Killed Frederick
100908 | Tomb:1   | Noticed a greater mummy
100925 | Tomb:1   | Killed a greater mummy
100952 | Tomb:1   | Noticed a greater mummy
100962 | Tomb:1   | Noticed a greater mummy
100964 | Tomb:1   | Noticed a greater mummy
100983 | Tomb:1   | Killed a greater mummy
101119 | Tomb:2   | Killed a greater mummy
101304 | Tomb:2   | Killed a greater mummy
101399 | Tomb:1   | Noticed a greater mummy
101570 | Tomb:1   | Killed a greater mummy
101626 | Tomb:1   | Noticed a greater mummy
101652 | Tomb:1   | Killed a greater mummy
101798 | Tomb:1   | Noticed a greater mummy
101808 | Tomb:1   | Noticed a greater mummy
101809 | Tomb:1   | Noticed a greater mummy
101990 | Tomb:1   | Killed a greater mummy
102022 | Tomb:1   | Killed a greater mummy
102192 | Tomb:1   | Killed a greater mummy
102238 | Tomb:1   | Noticed a greater mummy
102276 | Tomb:1   | Killed a greater mummy
102322 | Tomb:1   | Noticed a greater mummy
102377 | Tomb:1   | Killed a greater mummy
102517 | Tomb:1   | Noticed a greater mummy
103089 | Tomb:1   | Noticed a greater mummy
103110 | Tomb:1   | Killed a greater mummy
103165 | Tomb:1   | Killed a greater mummy
103482 | Tomb:1   | Noticed a greater mummy
103614 | Tomb:1   | Killed a greater mummy
103952 | Tomb:1   | Noticed a greater mummy
104198 | Tomb:1   | Killed a greater mummy
104403 | Tomb:1   | Noticed a greater mummy
104474 | Tomb:1   | Killed a greater mummy
105749 | Tomb:3   | Entered Level 3 of the Tomb of the Ancients
107381 | Lair:1   | Identified the cursed +4,-1 bow of the Blessed Realm {velocity, rF+} (You found it on level 1 of the Depths)
107703 | Vaults:3 | Bought a potion of cure mutation for 630 gold pieces
107703 | Vaults:3 | Bought a potion of restore abilities for 54 gold pieces
107703 | Vaults:3 | Bought a potion of cure mutation for 630 gold pieces
107704 | Vaults:3 | Lost mutation: You have a slow metabolism. [potion of cure mutation]
107704 | Vaults:3 | Lost mutation: You are partially covered in iridescent scales (AC +4). [potion of cure mutation]
107704 | Vaults:3 | Lost mutation: You digest meat inefficiently. [potion of cure mutation]
107704 | Vaults:3 | Lost mutation: You are very frail (-20% HP). [potion of cure mutation]
109821 | Tomb:3   | Identified the cursed +4,-1 bow of the Blessed Realm {velocity, rF+} (You found it on level 1 of the Depths)
112348 | Tomb:3   | Identified the ring "Gaseu" {Ice Str+1 Stlth-}
112349 | Tomb:3   | Identified the ring "Loafuofu" {+cTele rF+}
112424 | Tomb:3   | Got the uncursed plate armour "Cranga" {Str+4 Acc+5}
112447 | Tomb:3   | Identified the +7 plate armour "Cranga" {Str+4 Acc+5} (You found it on level 3 of the Tomb of the Ancients)
112449 | Tomb:3   | Got the uncursed plate armour of Midnight {Str+3 Dex+2}
112472 | Tomb:3   | Identified the +9 plate armour of Midnight {Str+3 Dex+2} (You found it on level 3 of the Tomb of the Ancients)
112478 | Tomb:3   | Got an uncursed fine granite ring
112492 | Tomb:3   | Got the uncursed ring mail of Nemelex Xobeh's Regard {Str+5 Int+1}
112510 | Tomb:3   | Identified the +4 ring mail of Nemelex Xobeh's Regard {Str+5 Int+1} (You found it on level 3 of the Tomb of the Ancients)
112535 | Tomb:3   | Identified the Compendium of Cloudy Enhancements
112541 | Tomb:3   | Identified Thresuown's Volume of Igneous Conjuration
112624 | Tomb:3   | Got a golden rune of Zot
113512 | Lair:1   | Identified the ring of Satyriasis {Hunger- Str+5 Int+4} (You found it on level 3 of the Tomb of the Ancients)
113526 | Lair:1   | Identified the cursed +4,-1 bow of the Blessed Realm {velocity, rF+} (You found it on level 1 of the Depths)
113530 | Lair:1   | Identified the cursed +4,-1 bow of the Blessed Realm {velocity, rF+} (You found it on level 1 of the Depths)
113928 | Vaults:5 | Entered Level 5 of the Vaults
113929 | Vaults:5 | Identified the cursed +4,-1 bow of the Blessed Realm {velocity, rF+} (You found it on level 1 of the Depths)
114187 | Vaults:4 | Reached skill level 26 in Fighting
114313 | Vaults:4 | HP: 1/191 [phantasmal warrior (16)]
114326 | Vaults:4 | Hit by a large rock thrown by a stone giant

Action                   |  1- 3 |  4- 6 |  7- 9 | 10-12 | 13-15 | 16-18 | 19-21 | 22-24 | 25-27 || total
-------------------------+-------+-------+-------+-------+-------+-------+-------+-------+-------++-------
Melee: Mace              |   120 |   254 |   286 |       |       |       |       |       |     9 ||   669
       Morningstar       |       |       |   428 |  1203 |  2543 |  1976 |       |       |       ||  6150
       Demon whip        |       |       |       |       |       |  1892 |  3068 |  2682 |       ||  7642
       Flail             |       |       |       |       |       |       |       |  1424 |  4404 ||  5828
Invok: Scrying           |       |       |       |       |     2 |     2 |     2 |     3 |     2 ||    11
       Transfer Knowledg |       |       |       |       |       |     1 |     4 |     3 |       ||     8
 Abil: Fly               |       |       |       |       |     1 |       |       |     2 |     1 ||     4
       Stop Flying       |       |       |       |       |       |       |       |     2 |     1 ||     3
       Evoke Teleport Co |       |       |       |       |       |       |       |     2 |       ||     2
       Evoke Invisibilit |       |       |       |       |       |       |       |     1 |       ||     1
       Evoke Jump Attack |       |       |       |       |       |       |       |       |     1 ||     1
Evoke: Wand              |       |     1 |       |     7 |    23 |    27 |     4 |     1 |    55 ||   118
       tome              |       |       |       |       |       |       |       |       |     1 ||     1
  Use: Scroll            |     5 |     2 |    12 |     9 |     8 |    15 |     9 |    16 |    43 ||   119
       Potion            |       |       |     3 |     9 |     4 |    10 |     5 |    11 |    10 ||    52
 Stab: Paralysed         |       |       |       |       |     2 |       |       |       |       ||     2
       Sleeping          |       |       |       |       |       |     1 |       |       |       ||     1
       Distracted        |       |       |       |       |       |       |     2 |       |     1 ||     3
